 Dungeon Crawl Stone Soup version 0.24-a0-451-g263dff2034 (webtiles) character file.

Game seed: 8976995554630167547

8472 Gargoyl the Cleaver (level 11, -8/90 HPs)
             Began as a Centaur Abyssal Knight on June 26, 2019.
             Was an Elder of Lugonu.
             Killed from afar by a gargoyle (26 damage)
             ... with a stone arrow
             ... on level 11 of the Dungeon.
             The game lasted 00:17:36 (13861 turns).

Gargoyl the Cleaver (Centaur Abyssal Knight)       Turns: 13861, Time: 00:17:36

Health: -8/90      AC: 16    Str: 16    XL:     11   Next: 10%
Magic:  16/16      EV:  9    Int: 11    God:    Lugonu [****..]
Gold:   545        SH:  4    Dex: 19    Spells: 10/10 levels left

rFire    + . .     SeeInvis .   A - +2 war axe (venom)
rCold    . . .     Gourm    .   C - +0 buckler
rNeg     + . .     Faith    .   e - +3 scale mail {rF+}
rPois    .         Spirit   .   m - +0 helmet
rElec    .         Reflect  .   B - +1 cloak
rCorr    .         Harm     .   d - +0 pair of gloves
MR       .....                  (no barding)
Stlth    ..........             i - amulet of magic regeneration
HPRegen  0.25/turn              n - ring of positive energy
MPRegen  0.40/turn              q - +4 ring of dexterity

@: very quick
A: large, hooves 3, thin skeletal structure 1, agile 1, deformed body, speed 2,
tough skin 3
a: Depart the Abyss, Bend Space, Banish, Corrupt, Renounce Religion


You were on level 11 of the Dungeon.
You worshipped Lugonu.
Lugonu was greatly pleased with you.
You were hungry.

You visited 1 branch of the dungeon, and saw 11 of its levels.
You visited the Abyss 1 time.
You also visited: Sewer.

You collected 545 gold pieces.

Inventory:

Hand Weapons
 a - a +4 hand axe
 r - a +3 hand axe
 A - a +2 war axe of venom (weapon)
Armour
 d - a +0 pair of gloves (worn)
 e - a +3 scale mail of fire resistance (worn)
 m - a +0 helmet (worn)
 B - a +1 cloak (worn)
 C - a +0 buckler (worn)
Jewellery
 i - an amulet of magic regeneration (around neck)
 l - an uncursed ring of protection from cold
 n - a ring of positive energy (left hand)
 q - a +4 ring of dexterity (right hand)
 w - a +4 amulet of reflection {unknown}
Wands
 v - a wand of acid (9)
Scrolls
 g - a scroll of identify
 o - 6 scrolls of blinking
 p - a scroll of amnesia
 s - 3 scrolls of teleportation
 u - a scroll of remove curse
 y - 3 scrolls of fear
Potions
 b - a potion of invisibility
 f - 2 potions of ambrosia
 h - a potion of magic
 j - 5 potions of curing
 k - 2 potions of might
 t - 2 potions of haste
 x - a potion of heal wounds
 D - 3 potions of flight
Miscellaneous
 E - a phantom mirror
Comestibles
 c - 16 rations


   Skills:
 + Level 6.3 Fighting
 + Level 8.5 Axes
 + Level 0.1 Throwing
 * Level 7.9 Armour
 * Level 4.7 Dodging
 * Level 7.7 Invocations


You had 10 spell levels left.
You didn't know any spells.
Your spell library was empty.

Dungeon Overview and Level Annotations

Branches:
Dungeon (11/15)            Temple (0/1) D:6            Lair (0/6) D:11
    Orc (0/2) D:10

Altars:
Dithmenos
Elyvilon
Kikubaaqudgha
Qazlal
Sif Muna
Trog
Uskayaw

Shops:
D:8 [

Annotations:
Abyss:1 Sonja


Innate Abilities, Weirdness & Mutations

You have hooves in place of feet.
Armour fits poorly on your strangely shaped body.
You cover ground very quickly.
You have extremely tough skin. (AC +3)
You have a somewhat thin skeletal structure. (Dex +2, Stealth)
You are agile. (Dex +2)


Message History

You hit the gargoyle but do no damage. Your kick misses the gargoyle.
The gargoyle is almost destroyed.
The gargoyle hits you with a +0 dire flail!
You hit the gargoyle but do no damage.
You kick the gargoyle, but do no damage.
The gargoyle is almost destroyed.
The gargoyle hits you with a +0 dire flail!!
* * * LOW HITPOINT WARNING * * *
You hit the gargoyle but do no damage. Your kick misses the gargoyle.
The gargoyle is almost destroyed.
You block the gargoyle's attack.
You hit the gargoyle but do no damage. You kick the gargoyle.
The gargoyle is almost destroyed.
The gargoyle closely misses you.
Unknown command.
You hit the gargoyle but do no damage. Your kick misses the gargoyle.
The gargoyle is almost destroyed.
The gargoyle hurls a stone arrow at you.
The stone arrow hits you!!
You die...

*,* **#..P9.P...., *,*
*#...P.P..., ********* *,*
#†.####...* *,,,,,,.#**,* #9##
***** ,,,,,,,...,,* #.#
,,,,,,,..#.####### #%#
,,,,,,,..........# #.#
,,,,,,,..........#### #.#
,,,≈,,,.......<.@9..###'#######**
,,≈≈≈≈,..........##..#.........*,
≈≈≈,,≈,..........###.'.#######.*,
≈≈,,,≈,..........# ###.....#,,,*,
≈,,≈≈≈,..........# #.###.#,***,
≈≈>,≈≈≈.....###### #..,*,,,,,,,
,≈≈≈≈,,.....* ####********
≈,≈≈≈,,.....* ,,,,,,,,..,,*


You could see a gargoyle.

Vanquished Creatures
  Erica (D:9)
  A manticore (D:10)
  Joseph (D:7)
  2 hippogriffs (D:8)
  2 wyverns
  A yak (D:11)
  Menkaure (D:5)
  A water moccasin (D:7)
  2 ice beasts
  A porcupine (D:11)
  2 sky beasts
  2 orc warriors
  3 black bears
  4 ogres
  3 phantoms
  6 centaurs
  A wyvern zombie (D:9)
  5 bullfrogs
  A water moccasin zombie (D:10)
  2 wyvern skeletons
  2 scorpions
  A water moccasin skeleton (D:9)
  11 killer bees
  15 wights
  A howler monkey (D:4)
  3 crimson imps
  A bullfrog zombie (D:8)
  A quasit (D:7)
  4 hounds
  A centaur skeleton (D:4)
  A centaur zombie (D:9)
  2 jellies
  2 orc priests
  2 bullfrog skeletons
  A gnoll shaman (D:6)
  Crazy Yiuf (D:7)
  Natasha (thrice) (D:2)
  4 iguanas
  4 worker ants
  6 orc wizards
  A hound zombie (D:4)
  2 hound skeletons
  A howler monkey zombie (D:8)
  2 worker ant zombies
  Robin (D:3)
  7 gnolls
  15 adders
  2 shadow imps
  An ooze (D:2)
  2 adder skeletons
  An adder zombie (D:4)
  3 worms
  3 dart slugs
  8 leopard geckos
  44 orcs
  4 ball pythons (Sewer)
  10 bats
  10 giant cockroaches
  14 goblins
  5 hobgoblins
  4 jackals (D:1)
  5 kobolds
  3 quokkas
  10 frilled lizards
  A quokka zombie (D:4)
  6 rats
273 creatures vanquished.

Vanquished Creatures (others)
  2 two-headed ogres
  3 fungi (D:11)
5 creatures vanquished.

Grand Total: 278 creatures vanquished

Notes
Turn   | Place    | Note
-------+----------+-------------------------------------------
     0 | Abyss:1  | Gargoyl the Centaur Abyssal Knight began the quest for the
                  | Orb.
     0 | Abyss:1  | Reached XP level 1. HP: 19/19 MP: 2/2
    60 | Abyss:3  | Noticed a small abomination
    61 | D:1      | Escaped the Abyss
   237 | D:1      | Reached XP level 2. HP: 23/26 MP: 3/3
   259 | D:1      | Reached * piety under Lugonu
   545 | D:1      | Reached skill level 1 in Dodging
   764 | D:2      | Reached skill level 2 in Axes
   767 | D:2      | Reached XP level 3. HP: 31/31 MP: 4/4
  1033 | D:2      | Reached XP level 4. HP: 17/38 MP: 5/5
  1697 | D:2      | Noticed Natasha
  1702 | D:2      | Killed Natasha
  1717 | D:2      | Reached ** piety under Lugonu
  1792 | D:2      | Reached XP level 5. HP: 15/46 MP: 7/7
  2142 | D:2      | Noticed Natasha
  2154 | D:2      | Killed Natasha
  2268 | D:2      | Noticed Natasha
  2275 | D:2      | Killed Natasha
  2537 | D:3      | Reached skill level 3 in Axes
  2614 | D:4      | Reached XP level 6. HP: 27/52 MP: 8/8
  2791 | D:3      | Found a bloodstained altar of Trog.
  2905 | D:3      | Noticed Robin
  2916 | D:3      | Killed Robin
  3078 | D:3      | Found a shadowy altar of Dithmenos.
  3079 | D:3      | Found an ancient bone altar of Kikubaaqudgha.
  3919 | D:4      | Reached XP level 7. HP: 20/59 MP: 9/9
  4185 | D:4      | Reached *** piety under Lugonu
  4658 | D:4      | Found a white marble altar of Elyvilon.
  4944 | D:5      | Entered Level 5 of the Dungeon
  4996 | D:5      | Reached skill level 4 in Axes
  5002 | D:5      | Found a stormy altar of Qazlal.
  5332 | D:5      | Noticed Menkaure
  5347 | D:5      | Killed Menkaure
  5671 | D:5      | Reached XP level 8. HP: 65/67 MP: 11/11
  6018 | D:6      | Found a hide-covered altar of Uskayaw.
  6033 | D:6      | Reached skill level 5 in Axes
  6186 | D:6      | Found a staircase to the Ecumenical Temple.
  6190 | D:6      | Found a glowing drain.
  6196 | D:6      | Reached **** piety under Lugonu
  6205 | Sewer    | Entered a sewer
  7460 | D:6      | Reached skill level 5 in Armour
  7460 | D:6      | Reached skill level 5 in Invocations
  7725 | D:7      | Reached skill level 6 in Axes
  7770 | D:7      | Noticed Joseph
  7776 | D:7      | Reached XP level 9. HP: 35/73 MP: 12/12
  7788 | D:7      | Reached skill level 5 in Fighting
  7803 | D:7      | Killed Joseph
  8317 | D:7      | Found a runed translucent door.
  8318 | D:7      | Noticed Crazy Yiuf
  8769 | D:7      | Killed Crazy Yiuf
  9426 | D:8      | Reached skill level 7 in Axes
  9536 | D:8      | Noticed a two-headed ogre
  9544 | D:8      | Banished a two-headed ogre
  9688 | D:8      | Reached XP level 10. HP: 55/81 MP: 14/14
  9718 | D:8      | Found a deep blue altar of Sif Muna.
 10019 | D:8      | Found Qeg Xu Jixe's Armour Shoppe.
 10020 | D:8      | Gained mutation: You are agile. (Dex +2) [potion of
                  | mutation]
 10020 | D:8      | Gained mutation: You have a somewhat thin skeletal
                  | structure. (Dex +2, Stealth) [potion of mutation]
 11484 | D:9      | Noticed Erica
 11898 | D:9      | Killed Erica
 11898 | D:9      | Reached skill level 8 in Axes
 12200 | D:10     | Entered Level 10 of the Dungeon
 12200 | D:10     | Found a staircase to the Orcish Mines.
 12684 | D:10     | Noticed Sonja
 12687 | D:10     | Banished Sonja
 13061 | D:10     | Noticed a manticore
 13062 | D:10     | Noticed a two-headed ogre
 13066 | D:10     | Banished a two-headed ogre
 13071 | D:10     | Killed a manticore
 13409 | D:10     | Reached XP level 11. HP: 89/89 MP: 16/16
 13861 | D:11     | Killed from afar by a gargoyle

Levels and vault maps discovered:
D:1:      dpeg_arrival_pits, layout_rooms
D:2:      minmay_chambers_of_ones, layout_loops_ring, due_unseen_surprise,
          uniq_natasha
D:3:      kennysheep_big_flooded_room, layout_rooms, bloody_trog,
          gammafunk_temple_overflow_pools, first_ration, uniq_robin
D:4:      layout_basic, elyvilon_altar_3, serial_undead, serial_undead_d,
          serial_undead_f, serial_undead_d, serial_undead_f, wad_orctagon
D:5:      layout_loops_ring, marbit_many_paths, uniq_menkaure
D:6:      layout_basic, eat_drink_and_be_merry_uskayaw,
          minmay_temple_entry_waves, portal_sewer_entry_f
D:7:      layout_cave_pools, uniq_joseph, uniq_crazy_yiuf_cottage
D:8:      layout_rooms, led_sif_pool, serial_shops, nicolae_shop_statue_plus
D:9:      layout_basic, uniq_erica
D:10:     layout_roguey, orc_0_dummy, uniq_sonja
D:11:     layout_roguey, due_lair_maze_entry_diamond, enter_bailey_3,
          hangedman_stone_soup, disabler_island, uniq_urug

Skill      XL: |  1  2  3  4  5  6  7  8  9 10 |
---------------+-------------------------------+-----
Dodging        | 1 2 3 4 |  4.7
Axes           | 2 3 4 6 7 8 |  8.5
Armour         | 2 3 4 5 6 7 |  7.9
Invocations    | 3 4 5 6 7 |  7.7
Fighting       | 4 5 6 |  6.3
Throwing       | |  0.1

Action                   |  1- 3 |  4- 6 |  7- 9 | 10-12 || total
-------------------------+-------+-------+-------+-------++-------
Melee: Hand axe          |    93 |   238 |   462 |   180 ||   973
       Kick              |    11 |    32 |   116 |    93 ||   252
       War axe           |       |       |       |    92 ||    92
Throw: Boomerang         |       |       |     6 |       ||     6
Invok: Depart the Abyss  |     1 |       |       |       ||     1
       Banish            |       |       |     1 |     3 ||     4
  Use: Potion            |       |     4 |     4 |     3 ||    11
       Scroll            |       |     5 |    11 |    10 ||    26
  Eat: Chunk             |       |     4 |    12 |     4 ||    20
       Ration            |       |     1 |     2 |     2 ||     5
Armor: Scale mail        |    54 |   178 |   328 |   192 ||   752
       Skin              |       |       |     7 |       ||     7
Dodge: Dodged            |    43 |    88 |   249 |   153 ||   533
Block: Buckler           |       |       |       |     7 ||     7

Table legend:
 A = Non-vault XP
 B = Vault XP
 C = Vault XP percentage of total XP
 D = Non-vault monster count
 E = Vault monster count
 F = Vault count percentage of total count
                 A         B        C        D         E       F
            +---------+---------+-------+---------+---------+-------
      Total |    8841 |    3263 |  27.0 |     219 |      57 |  20.7
            +---------+---------+-------+---------+---------+-------
        D:1 |      34 |       0 |   0.0 |      20 |       0 |   0.0
        D:2 |     220 |      69 |  23.9 |      23 |       6 |  20.7
        D:3 |      90 |      24 |  21.1 |      17 |       6 |  26.1
        D:4 |     324 |     101 |  23.8 |      18 |      10 |  35.7
        D:5 |     487 |     185 |  27.5 |      22 |       2 |   8.3
        D:6 |     828 |       6 |   0.7 |      26 |       3 |  10.3
        D:7 |    1066 |     508 |  32.3 |      26 |       2 |   7.1
        D:8 |    2267 |       0 |   0.0 |      24 |       0 |   0.0
        D:9 |    1433 |     897 |  38.5 |      26 |       1 |   3.7
       D:10 |    2092 |     407 |  16.3 |      17 |       1 |   5.6
       D:11 |       0 |     849 | 100.0 |       0 |       6 | 100.0
      Sewer |       0 |     217 | 100.0 |       0 |      20 | 100.0
            +---------+---------+-------+---------+---------+-------
